Description

Check workers box for some hidden comments.

Simple Beastyqt ZvP cheese from 01/01/2019 video starting 9:31. Replay is from a custom game using SALT, to test the timings vs no resistance, I also delayed the roach warren to 2:27 to test the larva timings better (could have built it at about 2:17, so it would be 2 less drones and ovies at 28 supply)

VOD

https://youtu.be/AD65Z6hLMgg?t=571

Replay - Beastyqt ZvP cheese (Hatch first)

Build Order

Get SALT Encoding   

  14  0:17  Overlord  
  17  0:54  Hatchery  Send a drone from the mineral line at 0:41 (~170 minerals)
  17  1:00  Extractor  
  17  1:15  Spawning Pool  Build with the 17th worker, Then saturate with workers 17,18,19 after keeping mineral line saturated)
  19  1:40  Overlord  
  19  2:02  Zergling x2  2 Lings as soon as spawning pool finishes
  21  2:03  Queen  
  23  2:04  Queen  
  25  2:06  Drone  
  26  2:15  Metabolic Boost  As soon as 100 gas
  26  2:24  Roach Warren  When the lings get made and kill scouting
  25  2:25  Drone  As much as you can at once right after the roach warren, about 5 if all went right, so you can make 2 overlords and have 6 larva when the warren is ready
  30  2:30  Overlord x2  
  30  3:05  Roach x3  6 roaches to his face
  36  3:16  Roach x2  
  40  3:22  Roach  
  41  3:23  Zergling x2  Just keep Z pressed until you reach the supply limit
  43  3:25  Zergling x2  
  44  3:26  Action  AND DON'T FORGET TO INJECT!
  46  3:39  Overlord x2  Inject all you can and keep building lings/ovies rallied to the roaches, and turn roaches into ravagers as needed when low on health.
Spawning Tool Build Advisor. Get it on Overwolf

Go to:

Details

  • Created by: varum
  • Published on: Jun 22, 2020
  • Modified on: Jun 22, 2020
  • Patch: 4.11.0
  • Difficulty: Easy
Show
View Real Time Build Order
Export as new Build Order

Comments (1)

On Feb. 19, 2022, 1:58 p.m., Tommy  said:

The build became impossible when Protoss started opening with Void Rays. Is it because of this all-in Protoss started opening with Void Rays? I do not know. Could be.

Create an account to comment!